 Dungeon Crawl Stone Soup version 0.15-a0-1506-g1b030bc (webtiles) character file.

67898 AmnesiacV2 the Nimble (level 14, -38/76 HPs)
             Began as a Deep Elf Wizard on June 15, 2014.
             Was the Champion of Sif Muna.
             Annihilated by an ettin
             ... wielding a +0,+0 dire flail
              (46 damage)
             ... while paralysed by an ogre mage
             ... on Level 4 of the Orcish Mines.
             The game lasted 02:18:09 (23487 turns).

AmnesiacV2 the Nimble (Deep Elf Wizard)            Turns: 23487, Time: 02:18:09

HP -38/76        AC 11     Str  7      XL: 14   Next: 84%
MP  31/36        EV  2     Int 29      God: Sif Muna [******]
Gold 2104        SH  0     Dex 13      Spells: 10 memorised,  4 levels left

rFire  . . .     SeeInvis +     w - staff of death
rCold  . . .     Clarity  .     c - +2 robe {MR+}
rNeg   + . .     rCorr    .     C - +0 buckler {rPois}
rPois  +         rRot     .     m - +0 helmet
rElec  .         Spirit   .     K - +1 cloak {rPois}
SustAb .         Warding  .     L - +2 pair of gloves {Str+3}
rMut   .         Stasis   .     A - +0 pair of boots
Gourm  .                        v - amulet of faith
MR     ++...                    U - ring of wizardry
                                s - ring of see invisible

@: paralysed, starving, delayed fireball, repel missiles, very resistant to
hostile enchantments, unstealthy
A: no striking features
a: Channel Energy, Forget Spell, Renounce Religion, Release Delayed Fireball


You were on level 4 of the Orcish Mines.
You worshipped Sif Muna.
Sif Muna was exalted by your worship.
You were starving.

You visited 4 branches of the dungeon, and saw 22 of its levels.
You also visited: Ossuary and Volcano.

You collected 2363 gold pieces.
You spent 259 gold pieces at shops.

Inventory:

Missiles
 t - 4 throwing nets (quivered)
Armour
 c - a +2 robe of magic resistance (worn)
 j - a +0 robe of fire resistance
 m - a +0 helmet (worn)
 A - a +0 pair of boots (worn)
 C - a +0 buckler of poison resistance (worn)
 K - a +1 cloak of poison resistance (worn)
 L - a +2 pair of gloves of strength (worn)
 X - a +2 steam dragon armour
Magical devices
 b - a wand of disintegration (12)
 I - a wand of paralysis (6)
Comestibles
 d - 9 bread rations
 k - 116 fruits
 R - 5 meat rations
 S - 6 slices of pizza
Scrolls
 g - 2 scrolls of recharging
 l - 3 scrolls of teleportation
 x - 2 scrolls of blinking
 y - a scroll of fog
 D - 3 scrolls of identify
 F - a scroll of immolation
 G - 8 scrolls of remove curse
 M - 2 scrolls of enchant weapon I
 Q - a scroll of amnesia
Jewellery
 n - an uncursed ring of protection from fire
 p - an uncursed ring of protection from fire
 s - a ring of see invisible (left hand)
 v - an amulet of faith (around neck)
 z - an uncursed amulet of resist mutation
 U - a ring of wizardry (right hand)
 V - an uncursed amulet of stasis
Potions
 a - 2 potions of resistance
 f - 4 potions of curing
 h - 4 potions of flight
 o - 6 potions of might
 u - a potion of agility
 B - 5 potions of restore abilities
 E - 2 potions of magic
 H - 2 potions of haste
 J - 2 potions of mutation
 N - 2 potions of heal wounds
 O - a potion of brilliance
 W - 3 potions of berserk rage {unknown}
Magical staves
 e - an uncursed staff of air
 q - an uncursed staff of cold
 w - an uncursed staff of death (weapon)
Miscellaneous
 i - a sack of spiders {used: 2}


   Skills:
 - Level 4.0 Fighting
 + Level 9.1 Staves
 - Level 14.0 Dodging
 - Level 2.4 Stealth
 - Level 5.7 Shields
 - Level 11.0 Spellcasting
 - Level 10.0 Conjurations
   Level 1.1 Summonings
   Level 10.1 Necromancy
 - Level 4.0 Translocations
 - Level 11.5 Fire Magic
 - Level 1.2 Ice Magic
 - Level 4.0 Invocations
 - Level 10.0 Evocations


You had 4 spell levels left.
You knew the following spells:

 Your Spells              Type           Power        Failure   Level  Hunger
a - Repel Missiles        Chrm/Air       ###...       2%          2    None
b - Blink                 Tloc           N/A          1%          2    None
d - Delayed Fireball      Conj/Fire      N/A          14%         7    ######.
e - Mephitic Cloud        Conj/Pois/Air  #####...     1%          3    None
f - Bolt of Fire          Conj/Fire      ######....   3%          6    #####..
g - Fireball              Conj/Fire      ######....   1%          5    ##.....
r - Throw Icicle          Conj/Ice       #####...     1%          4    None
s - Conjure Flame         Conj/Fire      ######..     1%          3    None
v - Passwall              Trmt/Erth      ###.......   4%          3    None
z - Magic Dart            Conj           ####         1%          1    None


Dungeon Overview and Level Annotations

Branches:
Dungeon (9/15)             Temple (1/1) D:6             Orc (4/4) D:9
    Elf (0/3) Orc:3          Lair (8/8) D:8           Swamp (0/5) Lair:3
 Spider (0/5) Lair:6        Slime (0/6) Lair:8

Altars:
Ashenzari
Cheibriados
Dithmenos
Elyvilon
Gozag
Kikubaaqudgha
Makhleb
Nemelex Xobeh
Okawaru
Qazlal
Sif Muna
Trog
Vehumet
Xom
Yredelemnul
Zin
The Shining One
Beogh
Jiyva

Shops:
D:6 %   D:9 *   Orc:2 !   Orc:4 }![

Portals:
Hell: Lair:8

Annotations:
D:4 exclusion: downstairs
D:7 Chiseanne's ghost, experienced HEIE
Lair:1 bronies4ever's ghost, powerful TrMo


Message History

Use which ability? (? or * to list)
Okay, then.
Use which ability? (? or * to list)
Okay, then.
The deep troll shouts!
A troll comes into view.
The ogre mage shouts!
The ogre mage casts a spell at you.
You suddenly lose the ability to move!
The troll shouts!
The ogre mage casts a spell at you. You resist with almost no effort.
The ettin barely misses you. The ettin hits you but does no damage.
The troll barely misses you. The troll claws you! The troll claws you.
The troll bites you! The troll claws you! The troll claws you.
The ettin hits you with a dire flail!!!
* * * LOW HITPOINT WARNING * * *
The ettin hits you with a great mace!!!
Ouch! That really hurt!
You die...

##.....#...........#.*,,,*,*,,*
###................#,,,,,,,,,,
#......#.)..........,,,,,,,,,
#....#.#..[[[.......,,,,,,**,
###...#....<..).....#.,,,,,**,,
##.##.#.#.....)........,,,,,**,,
#......................,,,,,,,,,
#....)).......T......T..,,,,,,,,
##.#..........T@.....O..,,,,,,,,
#.............C..........,,,,,,,
##........................,,,,,,
#.........................,,,,,,
##...##.......$...........#.,,,,,
...)###................#.#..,,,,,
......)......................,,,,
)##.....#..##.....).[.......#.,*,
)#.......###....(.......O.....,,,


You could see an ettin, an ogre mage, a deep troll and 2 trolls.

Vanquished Creatures
  The ghost of Chiseanne the Thaumaturge, a powerful HOIE of Vehumet (Lair:8)
  A dire elephant (Lair:8)
  An ogre mage (Orc:4)
  Erica (Lair:2)
  9 death yaks
  Harold (Lair:6)
  2 hydras
  A deep troll (Orc:4)
  A hill giant (Orc:4)
  2 orc knights
  A wizard (Lair:8)
  3 cyclopes
  3 orc sorcerers
  3 griffons
  2 feature mimics
  An item mimic (Lair:6)
  3 orange demons (Lair:8)
  4 black mambas
  25 elephants
  12 spiny frogs
  A hellwing (Lair:8)
  4 red devils (Lair:8)
  10 komodo dragons
  A hell beast (Lair:8)
  2 blue devils (Lair:8)
  A fire drake (Lair:8)
  7 trolls
  6 two-headed ogres (Orc:4)
  24 blink frogs
  5 basilisks
  A hungry ghost (D:9)
  A human (D:7)
  40 yaks
  3 fire bats (Orc:4)
  A wyvern (D:9)
  A steam dragon (D:8)
  A hog (D:7)
  10 hippogriffs
  A warg (Orc:1)
  27 orc warriors
  19 wolves
  6 sharks
  2 black bears (D:9)
  11 porcupines
  8 spiders (Lair:6)
  A phantom (D:3)
  14 water moccasins
  16 crocodiles
  3 ice beasts
  2 sky beasts
  15 ogres
  6 centaurs
  Sigmund (D:5)
  Duvessa (D:6)
  2 lava worms
  2 big kobolds
  5 elf zombies (Ossuary)
  Blork the orc (D:5)
  10 giant frogs
  4 scorpions
  5 wights
  7 killer bees
  4 jellies
  2 electric eels
  Dowan (D:6)
  2 crimson imps
  A giant frog zombie (D:7)
  4 big fish
  4 centaur zombies (Ossuary)
  16 orc priests
  Crazy Yiuf (D:5)
  3 human zombies (Ossuary)
  A quasit (D:7)
  3 hounds
  6 orange rats (Lair:4)
  A centaur skeleton (D:9)
  22 orc wizards
  9 worker ants
  18 iguanas
  16 sheep
  An ogre zombie (D:7)
  2 big kobold zombies
  Ijyb (D:4)
  5 mummies
  54 green rats
  A scorpion zombie (D:7)
  22 adders
  4 gnolls (D:7)
  2 shadow imps
  A giant mite (D:2)
  A worm (D:3)
  2 adder skeletons
  An iguana skeleton (D:7)
  3 giant geckos
  2 oozes (D:4)
  120 orcs
  2 bat skeletons
  3 giant cockroaches
  8 goblins
  13 hobgoblins
  9 jackals
  10 quokkas
  A ball python (D:1)
  13 bats
  3 giant gecko skeletons
  A giant gecko zombie (D:8)
  A giant spore (D:9)
  17 kobolds
  9 rats
  A rat skeleton (D:6)
  A bush (Lair:8)
  A plant (Lair:8)
794 creatures vanquished.

Vanquished Creatures (collateral kills)
  A killer bee (D:8)
1 creature vanquished.

Vanquished Creatures (others)
  3 trapdoor spiders (Lair:8)
  A redback (Lair:8)
  2 spiders (Lair:8)
  An adder (Lair:8)
  2 orcs
  A fungus (Lair:7)
  A plant (Lair:1)
11 creatures vanquished.

Grand Total: 806 creatures vanquished

Notes
Turn   | Place    | Note
--------------------------------------------------------------
     0 | D:1      | AmnesiacV2, the Deep Elf Wizard, began the quest for the Orb.
     0 | D:1      | Reached XP level 1. HP: 10/10 MP: 6/6
   293 | D:2      | Reached XP level 2. HP: 15/15 MP: 0/9
   297 | D:2      | Learned a level 2 spell: Blink
   300 | D:2      | Learned a level 2 spell: Repel Missiles
   678 | D:5      | Entered Level 5 of the Dungeon
   678 | D:5      | Noticed a centaur
   717 | D:4      | Reached XP level 3. HP: 13/19 MP: 1/12
   734 | D:4      | Learned a level 3 spell: Mephitic Cloud
   738 | D:4      | Learned a level 3 spell: Conjure Flame
   860 | D:4      | Noticed a scorpion
  1013 | D:4      | Killed a scorpion
  1013 | D:4      | Reached XP level 4. HP: 24/24 MP: 13/15
  1407 | D:4      | Reached XP level 5. HP: 28/28 MP: 7/18
  1443 | D:4      | Identified Vehumet's Compendium of Aerial Battle Magic
  1462 | D:5      | Noticed a sky beast
  1469 | D:5      | Killed a sky beast
  1469 | D:5      | Reached skill level 5 in Dodging
  1558 | D:4      | Reached XP level 6. HP: 32/32 MP: 11/20
  1690 | D:3      | Found a basalt altar of Yredelemnul.
  1691 | D:3      | Found a burning altar of Makhleb.
  1694 | D:3      | Found an iron altar of Okawaru.
  1744 | D:4      | Noticed a phantom
  1745 | D:4      | Noticed Ijyb
  1780 | D:3      | Killed a phantom
  1780 | D:3      | Reached skill level 6 in Dodging
  1905 | D:4      | Killed Ijyb
  2098 | D:4      | Reached skill level 7 in Dodging
  2376 | D:5      | Noticed Blork the orc
  2384 | D:5      | Killed Blork the orc
  2384 | D:5      | Reached XP level 7. HP: 33/36 MP: 13/21
  2437 | D:5      | Killed a centaur
  2437 | D:5      | Reached skill level 8 in Dodging
  2468 | D:5      | Noticed a centaur
  2480 | D:5      | Killed a centaur
  2480 | D:5      | Reached skill level 1 in Fighting
  2495 | D:5      | Noticed an ice beast
  2538 | D:5      | Killed an ice beast
  2744 | D:5      | Found a shadowy altar of Dithmenos.
  3055 | D:5      | Noticed Sigmund
  3073 | D:5      | Killed Sigmund
  3198 | D:5      | Noticed Crazy Yiuf
  3208 | D:5      | Killed Crazy Yiuf
  3272 | D:6      | Reached XP level 8. HP: 46/48 MP: 10/23
  3437 | D:6      | Reached skill level 1 in Fire Magic
  3641 | D:6      | Found a sand-covered staircase.
  3651 | Ossuary  | Entered an ossuary
  3788 | Ossuary  | Reached skill level 5 in Fire Magic
  4031 | D:6      | Found Nuerimm's Food Emporium.
  4087 | D:6      | Reached skill level 5 in Conjurations
  4125 | D:6      | Reached XP level 9. HP: 52/52 MP: 0/24
  4395 | D:6      | Noticed Dowan
  4417 | D:6      | Noticed Duvessa
  4429 | D:6      | Killed Duvessa
  4436 | D:6      | Killed Dowan
  4743 | D:6      | Found a staircase to the Ecumenical Temple.
  4838 | Temple   | Entered the Ecumenical Temple
  5030 | Temple   | Became a worshipper of Sif Muna the Loreminder
  5499 | D:7      | Reached skill level 5 in Spellcasting
  6135 | D:8      | Acquired Sif Muna's first power
  6222 | D:8      | Found a sparkling altar of Nemelex Xobeh.
  6315 | D:7      | Reached skill level 9 in Dodging
  6427 | D:7      | Found a radiant altar of Vehumet.
  6629 | D:7      | Noticed Chiseanne's ghost (experienced HEIE)
  6732 | D:8      | Reached skill level 10 in Dodging
  6985 | D:8      | Reached XP level 10. HP: 17/56 MP: 7/29
  7306 | D:8      | Learned a level 5 spell: Bolt of Draining
  7401 | D:8      | Noticed a komodo dragon
  7416 | D:8      | Killed a komodo dragon
  7416 | D:8      | Reached skill level 11 in Dodging
  7468 | D:8      | Noticed a komodo dragon
  7474 | D:8      | Killed a komodo dragon
  7558 | D:8      | Found a staircase to the Lair.
  7689 | Lair:1   | Entered Level 1 of the Lair of Beasts
  7884 | D:8      | Identified a -1 rod of clouds (12/12) (You found it on level 6 of the Dungeon)
  7931 | Lair:1   | Reached skill level 5 in Necromancy
  8230 | Lair:1   | Acquired Sif Muna's second power
  8469 | Lair:1   | Noticed bronies4ever's ghost (powerful TrMo)
  8533 | Lair:2   | Noticed a black mamba
  8576 | Lair:2   | Killed a black mamba
  8621 | Lair:2   | Learned a level 5 spell: Fireball
  9315 | Lair:2   | Noticed a black mamba
  9323 | Lair:2   | Killed a black mamba
  9323 | Lair:2   | Reached XP level 11. HP: 59/61 MP: 18/30
  9522 | Lair:2   | Noticed Erica
  9624 | Lair:1   | Noticed a four-headed hydra
  9766 | Lair:2   | Killed Erica
 10167 | Lair:3   | Noticed an eight-headed hydra
 10172 | Lair:3   | Killed an eight-headed hydra
 10270 | Lair:3   | Found a staircase to the Swamp.
 10502 | Lair:3   | Acquired Sif Muna's third power
 11117 | Lair:4   | Reached skill level 1 in Shields
 11966 | Lair:4   | Reached skill level 5 in Shields
 11966 | Lair:4   | Reached XP level 12. HP: 62/66 MP: 16/32
 12563 | Lair:5   | Reached skill level 10 in Conjurations
 12939 | Lair:5   | Reached skill level 10 in Necromancy
 13094 | Lair:5   | Reached skill level 10 in Fire Magic
 13391 | Lair:6   | Noticed Harold
 13401 | Lair:6   | Received a gift from Sif Muna
 13401 | Lair:6   | Reached skill level 10 in Spellcasting
 13407 | Lair:6   | Reached skill level 1 in Invocations
 13471 | Lair:6   | HP: 3/66 [blink frog (5)]
 13540 | Lair:5   | Learned a level 3 spell: Passwall
 14161 | Lair:6   | Reached skill level 5 in Evocations
 14187 | Lair:6   | Reached XP level 13. HP: 70/70 MP: 4/34
 14249 | Lair:6   | Killed Harold
 14254 | Lair:6   | Identified Sif Muna's Almanac of Scorching Blows and Bruises (Sif Muna gifted it to you on level 6 of the Lair of Beasts)
 14266 | Lair:6   | Learned a level 7 spell: Delayed Fireball
 14287 | Lair:6   | Learned a level 6 spell: Bolt of Fire
 14411 | Lair:6   | Found a hole to the Spider Nest.
 15272 | Lair:7   | Reached skill level 1 in Staves
 15498 | Lair:7   | Reached skill level 5 in Staves
 15639 | Lair:8   | Entered Level 8 of the Lair of Beasts
 15667 | Lair:8   | Noticed Chiseanne's ghost (powerful HOIE)
 17076 | Lair:8   | Reached XP level 14. HP: 76/76 MP: 12/36
 17099 | Lair:8   | Identified the Collected Works on Glacial Clay
 17255 | Lair:8   | Found a viscous altar of Jiyva.
 17256 | Lair:8   | Found a staircase to the Slime Pits.
 17301 | Lair:8   | Reached skill level 10 in Evocations
 17566 | Lair:8   | Killed Chiseanne's ghost
 17752 | Lair:8   | Noticed a dire elephant
 17759 | Lair:8   | Killed a dire elephant
 17853 | Lair:8   | Found a burning altar of Makhleb.
 18311 | Lair:5   | Learned a level 4 spell: Throw Icicle
 18510 | Lair:8   | Found a gateway to Hell.
 18907 | D:9      | Found Totie's Assorted Antiques.
 19800 | D:9      | Found a roughly hewn altar of Beogh.
 19810 | D:9      | Found a staircase to the Orcish Mines.
 19823 | D:9      | Reached skill level 1 in Ice Magic
 19980 | Orc:1    | Entered Level 1 of the Orcish Mines
 20480 | Orc:2    | Found Ihalelin's Distillery.
 20498 | Orc:2    | Bought a potion of resistance for 98 gold pieces
 20499 | Orc:2    | Bought a potion of agility for 35 gold pieces
 20499 | Orc:2    | Bought a potion of heal wounds for 42 gold pieces
 20499 | Orc:2    | Bought a potion of heal wounds for 42 gold pieces
 20499 | Orc:2    | Bought a potion of heal wounds for 42 gold pieces
 20650 | Orc:3    | Found a staircase to the Elven Halls.
 20786 | Orc:3    | Reached skill level 12 in Dodging
 21381 | Orc:2    | Found an iron altar of Okawaru.
 22096 | Orc:4    | Entered Level 4 of the Orcish Mines
 22096 | Orc:4    | Found a staircase to the Elven Halls.
 22189 | Orc:4    | Found a dark tunnel.
 22200 | Volcano  | Entered a volcano
 22221 | Volcano  | Found a bloodstained altar of Trog.
 22513 | Orc:4    | Found Ywkit's Distillery.
 22523 | Orc:4    | Reached skill level 13 in Dodging
 22565 | Orc:4    | the staircase to the Elven Halls was a mimic.
 22745 | Orc:4    | Found Lytaux's Gadget Shop.
 22757 | Orc:4    | Found Plias Metocw's Antique Armour Shoppe.
 23222 | Orc:4    | Reached skill level 14 in Dodging
 23484 | Orc:4    | Paralysed by an ogre mage for 5 turns
 23487 | Orc:4    | Annihilated by an ettin

Action                   |  1- 3 |  4- 6 |  7- 9 | 10-12 | 13-15 || total
-------------------------+-------+-------+-------+-------+-------++-------
Melee: Short sword       |       |       |    51 |     3 |       ||    54
       Dagger            |       |       |       |     5 |       ||     5
       Staff             |       |       |       |    26 |   581 ||   607
       Rod               |       |       |       |       |     1 ||     1
 Cast: Magic Dart        |    66 |   120 |   437 |   251 |    11 ||   885
       Repel Missiles    |     1 |       |     1 |       |     1 ||     3
       Conjure Flame     |     1 |     5 |    37 |    25 |     9 ||    77
       Blink             |       |     2 |     5 |    25 |    16 ||    48
       Mephitic Cloud    |       |     1 |    21 |       |     1 ||    23
       Fireball          |       |       |       |    49 |    29 ||    78
       Bolt of Draining  |       |       |       |   160 |     8 ||   168
       Bolt of Fire      |       |       |       |       |   227 ||   227
       Delayed Fireball  |       |       |       |       |     1 ||     1
       Throw Icicle      |       |       |       |       |    35 ||    35
       Passwall          |       |       |       |       |     1 ||     1
Invok: Channel Energy    |       |       |    26 |   270 |   346 ||   642
Evoke: Wand              |       |     1 |       |     4 |    14 ||    19
       Rod               |       |       |       |       |     4 ||     4
       Sack of spiders   |       |       |       |       |     3 ||     3
  Use: Potion            |     1 |       |     1 |     4 |    11 ||    17
       Scroll            |       |       |       |    33 |    13 ||    46
 Stab: Confused          |       |       |     1 |       |       ||     1
       Sleeping          |       |       |       |     2 |     2 ||     4
       Distracted        |       |       |       |       |     1 ||     1
